[Event "Titled Tuesday Blitz May 23 Early 2023"]
[White "Tsyhanchuk, Stanislav"]
[Black "Jaracz, Pawel"]
[WhiteFideId "13505130"]
[BlackFideId "1102222"]
[WhiteElo "2173"]
[BlackElo "2438"]
[Result "0-1"]
[Round "03"]
[TimeControl "180+2"]
[Date "2023.05.23"]
[WhiteClock "0:00:18"]
[BlackClock "0:01:24"]

1. c4 e6 2. Nc3 d5 3. e3 Nf6 4. Nf3 Be7 5. b3 dxc4 6. bxc4 c5 7. Be2 b6 8. O-O Bb7 9. a4 Nc6 10. Ba3 O-O 11. d4 cxd4 12. Bxe7 Qxe7 13. exd4 Rfd8 14. Nb5 Rac8 15. Qb3 Na5 16. Qa2 a6 17. Na3 Bxf3 18. Bxf3 Rxd4 19. Rac1 Nd7 20. Qb2 Qc5 21. Rcd1 Rxd1 22. Rxd1 Ne5 23. Be2 h6 24. Rc1 Nec6 25. Rb1 Rd8 26. Qxb6 Qxa3 0-1


[Site "https://www.chess.com"]

[Event "Titled Tuesday Blitz May 23 Early 2023"]
[White "Fernandez Guillen, Ernesto J."]
[Black "Jaivardhan Raj"]
[WhiteFideId "3512428"]
[BlackFideId "25744437"]
[WhiteElo "2429"]
[BlackElo "1772"]
[Result "1-0"]
[Round "03"]
[TimeControl "180+2"]
[Date "2023.05.23"]
[WhiteClock "0:01:33"]
[BlackClock "0:00:20"]

1. e4 c5 2. Nf3 e6 3. d4 cxd4 4. Nxd4 Nc6 5. Nc3 Qc7 6. Be3 a6 7. Qd2 Nf6 8. f3 Bb4 9. O-O-O d5 10. Bg5 dxe4 11. Bxf6 gxf6 12. Nxc6 bxc6 13. fxe4 c5 14. Bc4 Bd7 15. Rhf1 a5 16. Rxf6 O-O-O 17. Rxf7 Rhf8 18. Rxh7 Bxc3 19. Qxc3 Rf2 20. Rhxd7 Rxd7 21. Bxe6 Qf4+ 22. Kb1 Rf1 23. Bxd7+ Kb7 24. Qd3 Rxd1+ 25. Qxd1 1-0


[Site "https://www.chess.com"]

[Event "Titled Tuesday Blitz May 23 Early 2023"]
[White "Seo, Jung Min"]
[Black "Torres Dominguez, David"]
[WhiteFideId "1734687"]
[BlackFideId "2220857"]
[WhiteElo "2468"]
[BlackElo "1999"]
[Result "1-0"]
[Round "03"]
[TimeControl "180+2"]
[Date "2023.05.23"]
[WhiteClock "0:01:36"]
[BlackClock "0:00:06"]

1. e4 e5 2. Nf3 Nc6 3. Bc4 Bc5 4. c3 Nf6 5. d3 d6 6. O-O a6 7. Bb3 Ba7 8. Nbd2 h6 9. Nc4 g5 10. Be3 g4 11. Nfd2 h5 12. Bxa7 Rxa7 13. Ne3 h4 14. a4 Nh5 15. Nxg4 Qg5 16. h3 Nf4 17. Nf3 Qg7 18. Nfh2 Be6 19. Bxe6 fxe6 20. b4 Ke7 21. Qd2 Raa8 22. b5 Nd8 23. d4 Nf7 24. b6 c6 25. Rad1 Rad8 26. Qe3 Ng6 27. a5 Rdf8 28. Rd2 Rhg8 29. Rfd1 Ng5 30. dxe5 Nxe5 31. Rxd6 Nxg4 32. Nxg4 Nf7 33. Rd7+ Ke8 34. Rxb7 Ne5 35. Rxg7 1-0


[Site "https://www.chess.com"]

[Event "Titled Tuesday Blitz May 23 Early 2023"]
[White "Srihari L R"]
[Black "Cordova, Emilio"]
[WhiteFideId "46617116"]
[BlackFideId "3801497"]
[WhiteElo "2334"]
[BlackElo "2607"]
[Result "0-1"]
[Round "03"]
[TimeControl "180+2"]
[Date "2023.05.23"]
[WhiteClock "0:00:02"]
[BlackClock "0:00:06"]

1. d4 Nf6 2. c4 e6 3. Nf3 c5 4. d5 b5 5. dxe6 fxe6 6. cxb5 d5 7. g3 a6 8. bxa6 Bd6 9. Bg2 O-O 10. O-O Nxa6 11. Nc3 Bb8 12. e4 d4 13. e5 Nd5 14. Nxd5 exd5 15. Re1 Nc7 16. b4 Bg4 17. bxc5 Ba7 18. h3 Bxf3 19. Bxf3 Bxc5 20. a4 Qe7 21. Bb2 Qf7 22. Kg2 Rab8 23. Ra2 Ne6 24. Ba1 Ng5 25. Bg4 Ne4 26. Qf3 Qe7 27. Qd3 Qxe5 28. Bf3 Rbe8 29. Rae2 Qf5 30. Bg4 Qg6 31. f3 Nf6 32. Bf5 Qf7 33. Be6 Rxe6 34. Rxe6 Ne4 35. Re5 Qc7 36. R1xe4 dxe4 37. Qc4+ Kh8 38. Qxc5 exf3+ 39. Kf2 Qf7 40. Bxd4 Qa2+ 41. Ke3 Qe2# 0-1


[Site "https://www.chess.com"]

[Event "Titled Tuesday Blitz May 23 Early 2023"]
[White "Kramnik, Vladimir"]
[Black "Melikyan, Gnel"]
[WhiteFideId "4101588"]
[BlackFideId "54109990"]
[WhiteElo "2703"]
[BlackElo "2138"]
[Result "1-0"]
[Round "03"]
[TimeControl "180+2"]
[Date "2023.05.23"]
[WhiteClock "0:00:54"]
[BlackClock "0:00:04"]

1. c4 Nf6 2. Nc3 g6 3. g3 Bg7 4. Bg2 O-O 5. d3 d6 6. Nf3 c5 7. Rb1 Nc6 8. a3 Rb8 9. b4 b6 10. O-O Bb7 11. Bd2 Nd7 12. Ne1 Re8 13. e3 e6 14. Qe2 Qe7 15. f4 a5 16. bxc5 bxc5 17. Rxb7 Rxb7 18. Bxc6 Rb2 19. Qd1 Rb6 20. Bb5 Ra8 21. Nf3 Nb8 22. Qa4 Qc7 23. Rb1 Rb7 24. Kg2 Nd7 25. Bxd7 Qxd7 26. Qxd7 Rxd7 27. Na4 d5 28. Nxc5 Rc7 29. d4 dxc4 30. Ne5 Bf8 31. Rb5 a4 32. Nxc4 Bxc5 33. dxc5 Rd8 34. Bc3 Rd3 35. Rb8+ 1-0


[Site "https://www.chess.com"]

[Event "Titled Tuesday Blitz May 23 Early 2023"]
[White "Korchmar, Vasiliy"]
[Black "Ahmadzada, Ahmad"]
[WhiteFideId "24131750"]
[BlackFideId "13413007"]
[WhiteElo "2370"]
[BlackElo "2388"]
[Result "1-0"]
[Round "03"]
[TimeControl "180+2"]
[Date "2023.05.23"]
[WhiteClock "0:00:09"]
[BlackClock "0:00:02"]

1. e4 c5 2. Nf3 e6 3. g3 Nc6 4. Bg2 Nf6 5. Qe2 d5 6. exd5 Nxd5 7. O-O Be7 8. Rd1 O-O 9. d4 cxd4 10. Nxd4 Qb6 11. Nxc6 bxc6 12. c4 Ba6 13. b3 Bf6 14. Bb2 Bxb2 15. Qxb2 Bxc4 16. Nc3 Nxc3 17. Qxc3 Bd5 18. Rac1 Rfd8 19. Rd2 g6 20. h4 h5 21. Rdc2 Rd7 22. Qf6 Qd8 23. Qe5 Qe8 24. Kh2 Qf8 25. Qf4 Rad8 26. Rc5 Qg7 27. R1c2 Qf8 28. b4 Qe7 29. a3 Kg7 30. Ra5 Qf6 31. Qe3 Bxg2 32. Kxg2 Rd3 33. Qe4 R8d4 34. Qxc6 Rd5 35. Rxd5 Qf3+ 36. Kh2 exd5 37. Qc5 Kh7 38. Rc1 d4 39. Kg1 Rd2 40. Rf1 d3 41. Qxa7 Re2 42. Qd4 d2 43. b5 Qf5 44. b6 Qf3 45. a4 Re1 46. Qxd2 Rxf1+ 47. Kxf1 Qh1+ 48. Ke2 Qe4+ 49. Qe3 Qxa4 50. Qc5 Qe4+ 51. Kd2 Qb1 52. Kc3 Qc1+ 53. Kd4 Qb2+ 54. Kd5 Kg8 55. Kc6 Qb3 56. b7 Qe6+ 57. Kc7 1-0


[Site "https://www.chess.com"]

[Event "Titled Tuesday Blitz May 23 Early 2023"]
[White "Sychev, Klementy"]
[Black "bubeliang"]
[WhiteFideId "4114060"]
[WhiteElo "2583"]
[BlackElo "2601"]
[Result "1-0"]
[Round "03"]
[TimeControl "180+2"]
[Date "2023.05.23"]
[WhiteClock "0:00:16"]
[BlackClock "0:00:00"]

1. e4 c6 2. d4 d5 3. e5 c5 4. dxc5 e6 5. Qg4 h5 6. Qf4 Nd7 7. Nf3 Bxc5 8. Bd3 Nh6 9. O-O Nf8 10. Qg3 g6 11. Nc3 Bd7 12. a4 Qc7 13. Nb5 Bxb5 14. axb5 Nf5 15. Qf4 O-O-O 16. Bd2 Nd7 17. b4 Bb6 18. Ra3 d4 19. c4 Qb8 20. c5 Bc7 21. b6 Bxe5 22. Nxe5 Qxe5 23. bxa7 Kc7 24. Qf3 g5 25. Bxg5 Qd5 26. Bf4+ Kc6 27. Be4 Nf6 28. Bxd5+ Nxd5 29. Bb8 Rxb8 30. axb8=Q Rxb8 31. Qxh5 Rf8 32. b5+ Kxc5 33. Rc1+ Nc3 34. Raxc3+ dxc3 35. Rxc3+ Kd4 36. Rc1 Ke5 37. Qg5 Kd6 38. Rd1+ Kc5 39. g4 1-0


[Site "https://www.chess.com"]

[Event "Titled Tuesday Blitz May 23 Early 2023"]
[White "hakanazeri2"]
[Black "Molina, Roberto Junio Brito"]
[BlackFideId "2109450"]
[WhiteElo "2597"]
[BlackElo "2376"]
[Result "0-1"]
[Round "03"]
[TimeControl "180+2"]
[Date "2023.05.23"]
[WhiteClock "0:00:06"]
[BlackClock "0:01:00"]

1. d4 d5 2. c4 c6 3. Nf3 Nf6 4. Nbd2 Bf5 5. b3 h6 6. Bb2 e6 7. e3 Nbd7 8. Be2 Bd6 9. Ne5 Qe7 10. g4 Bh7 11. h4 Ne4 12. Nxe4 Bxe4 13. Bf3 Bxf3 14. Nxf3 O-O-O 15. Qd3 Kb8 16. O-O-O Nf6 17. Rhg1 Ne4 18. Rg2 g5 19. h5 f5 20. Nd2 Rhf8 21. f3 Nxd2 22. Rdxd2 Qf7 23. e4 Bf4 24. cxd5 cxd5 25. gxf5 dxe4 26. fxe4 exf5 27. e5 Qd5 28. Ba3 Qxg2 0-1


[Site "https://www.chess.com"]

[Event "Titled Tuesday Blitz May 23 Early 2023"]
[White "Suyarov, Mukhammadzokhid"]
[Black "Spitzl, Vinzent"]
[WhiteFideId "14210495"]
[BlackFideId "12901253"]
[WhiteElo "2361"]
[BlackElo "2225"]
[Result "1-0"]
[Round "03"]
[TimeControl "180+2"]
[Date "2023.05.23"]
[WhiteClock "0:01:31"]
[BlackClock "0:00:57"]

1. d4 d5 2. Nc3 Nf6 3. Bf4 c5 4. e4 Nxe4 5. Nxe4 dxe4 6. dxc5 Qa5+ 7. c3 Qxc5 8. Qa4+ Nc6 9. Qxe4 g6 10. Nf3 Bg7 11. Qe3 Qxe3+ 12. Bxe3 O-O 13. O-O-O Bf5 14. Bd3 Bxd3 15. Rxd3 Rfd8 16. Rhd1 b6 17. Rd7 Kf8 18. Rc7 Rxd1+ 19. Kxd1 Rd8+ 20. Kc2 Rd6 21. Rc8+ Nd8 22. Bf4 Rd7 23. a4 Ke8 24. b4 f6 25. Bb8 e5 26. Nd2 Ke7 27. Nc4 Ne6 28. a5 b5 29. Na3 a6 30. Rc6 Rd8 31. Bc7 Rc8 32. Bd6+ Kd7 33. Rxa6 Nf4 34. Nxb5 Nd5 35. Ra7+ Kc6 36. c4 f5 37. Rxg7 1-0


[Site "https://www.chess.com"]

[Event "Titled Tuesday Blitz May 23 Early 2023"]
[White "Vitiugov, Nikita"]
[Black "Ginzburg, Yakov"]
[WhiteFideId "4152956"]
[BlackFideId "4157176"]
[WhiteElo "2673"]
[BlackElo "2305"]
[Result "1-0"]
[Round "03"]
[TimeControl "180+2"]
[Date "2023.05.23"]
[WhiteClock "0:00:21"]
[BlackClock "0:00:00"]

1. Nf3 Nf6 2. g3 g6 3. Bg2 Bg7 4. O-O O-O 5. d4 d5 6. c4 c6 7. Nc3 Ne4 8. Qb3 Qb6 9. Bf4 dxc4 10. Qxb6 axb6 11. Nxe4 Bf5 12. Nc3 b5 13. a3 Nd7 14. h3 Bc2 15. Rac1 Bb3 16. e4 Nb6 17. Be5 Bh6 18. Bf4 Bg7 19. Be3 Rfd8 20. d5 Na4 21. Nd4 Nxb2 22. dxc6 Bxd4 23. cxb7 Rab8 24. Bxd4 Rxd4 25. Nxb5 Rd7 26. e5 Nd3 27. Rc3 Nxe5 28. Ra1 Rd3 29. a4 Rd1+ 30. Rxd1 Bxd1 31. a5 1-0


[Site "https://www.chess.com"]

[Event "Titled Tuesday Blitz May 23 Early 2023"]
[White "Jovic, Stanoje"]
[Black "Shuvalova, Polina"]
[WhiteFideId "905020"]
[BlackFideId "24171760"]
[WhiteElo "2236"]
[BlackElo "2281"]
[Result "1-0"]
[Round "03"]
[TimeControl "180+2"]
[Date "2023.05.23"]
[WhiteClock "0:00:03"]
[BlackClock "0:00:02"]

1. c4 f5 2. g3 Nf6 3. Bg2 g6 4. Nc3 Bg7 5. d3 O-O 6. e4 e5 7. exf5 gxf5 8. h4 c6 9. h5 h6 10. Nf3 d5 11. cxd5 Nxd5 12. Nh4 e4 13. Nxd5 cxd5 14. Ng6 Re8 15. O-O Nc6 16. Bf4 Be6 17. Qd2 Kh7 18. Rac1 Bf7 19. Bh3 Qf6 20. b4 Bxg6 21. hxg6+ Kxg6 22. b5 Nd4 23. Bg2 Rac8 24. Be3 Nf3+ 25. Bxf3 exf3 26. Bxa7 Qb2 27. Qf4 Be5 28. Rxc8 Bxf4 29. Rxe8 Qxb5 30. Re6+ Kf7 31. Rb6 Qa4 32. Rxb7+ Kg6 33. Re1 Bg5 34. Be3 Qg4 35. Rb6+ Bf6 36. Bd4 Qxd4 37. Ree6 Kg5 38. Rxf6 Qa1+ 39. Kh2 Qf1 40. Rg6+ Kh5 41. Rxh6+ Kg5 42. Rbg6# 1-0


[Site "https://www.chess.com"]

[Event "Titled Tuesday Blitz May 23 Early 2023"]
[White "Ezat, Mohamed"]
[Black "carokannlover213"]
[WhiteFideId "10600906"]
[WhiteElo "2386"]
[BlackElo "2708"]
[Result "1-0"]
[Round "03"]
[TimeControl "180+2"]
[Date "2023.05.23"]
[WhiteClock "0:00:25"]
[BlackClock "0:00:00"]

1. d4 Nf6 2. c4 e6 3. Nc3 Bb4 4. e3 O-O 5. a3 Bxc3+ 6. bxc3 d5 7. cxd5 exd5 8. Bd3 c5 9. f3 b6 10. Ne2 Ba6 11. Bxa6 Nxa6 12. O-O Re8 13. Ng3 Nb8 14. Ra2 Nc6 15. Re2 Rc8 16. Bb2 Na5 17. e4 dxe4 18. fxe4 Nc4 19. Bc1 Nd7 20. Ref2 Rf8 21. Nf5 Rc6 22. h4 f6 23. Qg4 g6 24. h5 g5 25. e5 Ndxe5 26. dxe5 Nxe5 27. Qe4 Re6 28. Rd2 Qe8 29. Nd6 Qc6 30. Qxc6 Nxc6 31. Nf5 Ne5 32. Rd5 Kf7 33. Rfd1 Rb8 34. Rf1 Ra8 35. Bxg5 fxg5 36. Nd4+ 1-0


[Site "https://www.chess.com"]

[Event "Titled Tuesday Blitz May 23 Early 2023"]
[White "Urbina Perez, Juan Antonio"]
[Black "Mikhailovsky, Vladimir"]
[WhiteFideId "2217368"]
[BlackFideId "34105414"]
[WhiteElo "2197"]
[BlackElo "2271"]
[Result "1-0"]
[Round "03"]
[TimeControl "180+2"]
[Date "2023.05.23"]
[WhiteClock "0:00:12"]
[BlackClock "0:00:06"]

1. e4 e5 2. Nf3 d5 3. Nxe5 Bd6 4. d4 dxe4 5. Nc4 Nf6 6. Be2 O-O 7. Nxd6 Qxd6 8. O-O Rd8 9. c3 c5 10. dxc5 Qc7 11. Qa4 Nbd7 12. Be3 Ne5 13. Nd2 Bf5 14. Rfd1 Neg4 15. Nf1 Nd5 16. Bxg4 Bxg4 17. Rd4 Nf6 18. Rxd8+ Rxd8 19. Qxa7 Be2 20. Qb6 Qd7 21. Qd6 Qc8 22. Qf4 Bd3 23. Bd4 Nd5 24. Qg3 f6 25. Ne3 Nxe3 26. Qxe3 Qe6 27. b4 h6 28. a4 Rd5 29. Re1 Rg5 30. Kh1 Qg4 31. Qg3 Qh5 32. Qb8+ Kh7 33. Qf4 Rg4 34. Qe3 f5 35. f3 exf3 36. gxf3 Rh4 37. Qf2 Rh3 38. Re3 Bc4 39. Qg2 f4 40. Qxg7# 1-0


[Site "https://www.chess.com"]

[Event "Titled Tuesday Blitz May 23 Early 2023"]
[White "Javakhadze, Zurab"]
[Black "Hoffmann, Asa"]
[WhiteFideId "13603647"]
[BlackFideId "2001470"]
[WhiteElo "2381"]
[BlackElo "2117"]
[Result "1-0"]
[Round "03"]
[TimeControl "180+2"]
[Date "2023.05.23"]
[WhiteClock "0:00:55"]
[BlackClock "0:00:39"]

1. Nf3 d6 2. d4 Bg4 3. e3 Nf6 4. c4 Nbd7 5. Be2 e5 6. Nc3 Be7 7. h3 Bh5 8. O-O c6 9. Qb3 Qb6 10. Qd1 O-O 11. b3 Rfe8 12. Bb2 Bf8 13. c5 dxc5 14. dxe5 Bxf3 15. exf6 Bxe2 16. Nxe2 Nxf6 17. Bxf6 gxf6 18. Ng3 Re5 19. Qf3 Bg7 20. Rad1 Rd8 21. Nf5 Kh8 22. Qg4 Rg8 23. Rd7 Qb4 24. f4 Ree8 25. Rxf7 1-0


[Site "https://www.chess.com"]

[Event "Titled Tuesday Blitz May 23 Early 2023"]
[White "Urquhart, Ed"]
[Black "Starozhilov, Leonid"]
[WhiteFideId "2603748"]
[BlackFideId "14106752"]
[WhiteElo "2184"]
[BlackElo "2352"]
[Result "0-1"]
[Round "03"]
[TimeControl "180+2"]
[Date "2023.05.23"]
[WhiteClock "0:00:15"]
[BlackClock "0:00:24"]

1. e4 g6 2. d4 Bg7 3. Nc3 d6 4. Bg5 Nc6 5. Bb5 a6 6. Bxc6+ bxc6 7. Qd2 Rb8 8. O-O-O h6 9. Be3 Nf6 10. f3 a5 11. h4 Nd7 12. h5 g5 13. f4 gxf4 14. Bxf4 c5 15. Nf3 cxd4 16. Nxd4 Bxd4 17. Qxd4 e5 18. Qa7 exf4 19. Nd5 Rb7 20. Qxa5 c6 21. Qc3 Ne5 22. Nxf4 Bg4 23. Rd2 Qg5 24. g3 Ke7 25. Kb1 Rhb8 26. b3 Bf3 27. Rg1 Bxe4 28. Qd4 d5 29. Qc5+ Kf6 30. Rf2 Kg7 31. Qd4 Kg8 32. Nh3 Qg7 33. g4 Rxb3+ 34. axb3 Rxb3+ 35. Kc1 Rxh3 36. g5 Nd3+ 37. cxd3 Qxd4 38. gxh6+ Kf8 39. Rgf1 Qc3+ 40. Kd1 Rxd3+ 0-1


[Site "https://www.chess.com"]

[Event "Titled Tuesday Blitz May 23 Early 2023"]
[White "Gheorghiu, Calin"]
[Black "Real_taiatai"]
[WhiteFideId "1200305"]
[WhiteElo "2223"]
[BlackElo "2339"]
[Result "1-0"]
[Round "03"]
[TimeControl "180+2"]
[Date "2023.05.23"]
[WhiteClock "0:00:35"]
[BlackClock "0:00:15"]

1. e4 e6 2. d4 d5 3. Nc3 Bb4 4. e5 Ne7 5. a3 Bxc3+ 6. bxc3 b6 7. Qg4 Kf8 8. h4 h5 9. Qf3 Ba6 10. Bd3 Bxd3 11. cxd3 Nd7 12. Nh3 Nf5 13. Ng5 c5 14. a4 Qc8 15. Ba3 Kg8 16. O-O cxd4 17. cxd4 Qc3 18. Ra2 Qxd4 19. Rc2 Nxe5 20. Qe2 Qxd3 21. Rfc1 g6 22. Rc8+ Rxc8 23. Rxc8+ Kg7 24. Qxe5+ f6 25. Qc7+ Kh6 26. Rxh8# 1-0


[Site "https://www.chess.com"]

[Event "Titled Tuesday Blitz May 23 Early 2023"]
[White "Sviridov, Valery"]
[Black "Reprintsev, Alexander"]
[WhiteFideId "4120680"]
[BlackFideId "14100541"]
[WhiteElo "2457"]
[BlackElo "2218"]
[Result "1-0"]
[Round "03"]
[TimeControl "180+2"]
[Date "2023.05.23"]
[WhiteClock "0:01:40"]
[BlackClock "0:00:08"]

1. d4 d5 2. c4 e5 3. dxe5 d4 4. Nf3 Nc6 5. a3 g6 6. e3 Bg4 7. b4 Bg7 8. exd4 Bxf3 9. Qxf3 Qxd4 10. Ra2 O-O-O 11. Be2 Nxe5 12. Qh3+ f5 13. O-O Nf6 14. Rd2 Qb6 15. Nc3 Rxd2 16. Bxd2 Rd8 17. Be3 Qe6 18. Nb5 a6 19. Nd4 Qe7 20. c5 Neg4 21. Nc2 Nxe3 22. Nxe3 Rd2 23. Bf3 Ra2 24. c6 bxc6 25. Qh4 Rxa3 26. Qc4 Ne4 27. Qxc6 Kb8 28. Nc4 Bd4 29. Nxa3 Qxb4 30. Rb1 Bb2 31. Bxe4 1-0


[Site "https://www.chess.com"]

[Event "Titled Tuesday Blitz May 23 Early 2023"]
[White "Hakobyan, Aram"]
[Black "Berezin, Viktor"]
[WhiteFideId "13306677"]
[BlackFideId "14107872"]
[WhiteElo "2584"]
[BlackElo "2310"]
[Result "1-0"]
[Round "03"]
[TimeControl "180+2"]
[Date "2023.05.23"]
[WhiteClock "0:00:58"]
[BlackClock "0:00:11"]

1. e4 g6 2. d4 Bg7 3. Nc3 d6 4. Nf3 Nf6 5. Be2 O-O 6. O-O c6 7. a4 a5 8. h3 Nbd7 9. Be3 Qc7 10. Qd2 e5 11. Rad1 exd4 12. Bxd4 Re8 13. Bc4 Ne5 14. Bxe5 dxe5 15. Ng5 Rf8 16. Nxf7 Rxf7 17. Qd8+ Qxd8 18. Rxd8+ Bf8 19. f4 Be6 20. Bxe6 Rxd8 21. fxe5 Bc5+ 22. Kh2 Kg7 23. Bxf7 Kxf7 24. exf6 Bd4 25. Rd1 Be5+ 26. Kg1 Rxd1+ 27. Nxd1 Kxf6 28. Kf2 Bd4+ 29. Kf3 Ke5 30. c3 Bc5 31. Ne3 b5 32. b3 bxa4 33. Nc4+ Ke6 34. bxa4 1-0


[Site "https://www.chess.com"]

[Event "Titled Tuesday Blitz May 23 Early 2023"]
[White "Makarian, Rudik"]
[Black "Mladek, Richard"]
[WhiteFideId "44105681"]
[BlackFideId "386588"]
[WhiteElo "2461"]
[BlackElo "2332"]
[Result "1-0"]
[Round "03"]
[TimeControl "180+2"]
[Date "2023.05.23"]
[WhiteClock "0:00:10"]
[BlackClock "0:00:02"]

1. d4 d5 2. c4 e6 3. Nf3 Nf6 4. Nc3 Be7 5. Bf4 O-O 6. e3 b6 7. Qc2 dxc4 8. Bxc4 Ba6 9. Bxa6 Nxa6 10. Rd1 Qc8 11. O-O Qb7 12. a3 c5 13. dxc5 Nxc5 14. b4 Nce4 15. Nxe4 Nxe4 16. Rd4 Nf6 17. Rfd1 Rac8 18. Qb3 Nd5 19. Be5 Bf6 20. Rxd5 exd5 21. Bxf6 gxf6 22. Nd4 Qd7 23. h3 Rc4 24. Qb2 Rfc8 25. g4 Qc7 26. Nf5 Rc3 27. Rxd5 Qc4 28. Qd2 Rc1+ 29. Kh2 h5 30. Ne7+ Kg7 31. Nxc8 Qf1 32. Kg3 hxg4 33. hxg4 Qg1+ 34. Kf4 Rc4+ 35. Rd4 Qh2+ 36. Kf3 Qh1+ 37. Ke2 Rc1 38. Nd6 Qf1+ 39. Kf3 Qh3+ 40. Kf4 Qh2+ 41. Ke4 Qh1+ 42. f3 Rg1 43. Nf5+ Kg6 44. Kd5 Qxf3+ 45. Kd6 Rh1 46. Qd3 Kg5 47. Rd5 Rh8 48. Nd4+ Qxd5+ 49. Kxd5 Rd8+ 50. Ke4 1-0


[Site "https://www.chess.com"]

[Event "Titled Tuesday Blitz May 23 Early 2023"]
[White "Hamley, Ryan"]
[Black "Steinberg, Nitzan"]
[WhiteFideId "30959497"]
[BlackFideId "2801795"]
[WhiteElo "2508"]
[BlackElo "2486"]
[Result "0-1"]
[Round "03"]
[TimeControl "180+2"]
[Date "2023.05.23"]
[WhiteClock "0:00:16"]
[BlackClock "0:01:38"]

1. e4 g6 2. d4 Bg7 3. Be3 d6 4. Nc3 a6 5. a4 Nf6 6. Qd2 O-O 7. Nf3 Nc6 8. h3 e5 9. d5 Nb4 10. g4 c6 11. dxc6 bxc6 12. O-O-O Ne8 13. Bc5 a5 14. Bxd6 Nxd6 15. Qxd6 Qb6 16. Nxe5 Qxf2 17. Ne2 Be6 18. Nd3 Qe3+ 19. Kb1 Rab8 20. e5 Rfd8 21. Qc5 Qxc5 22. Nxc5 Rxd1+ 0-1


[Site "https://www.chess.com"]

[Event "Titled Tuesday Blitz May 23 Early 2023"]
[White "Zhigalko, Sergei"]
[Black "Hajiyev, Kanan"]
[WhiteFideId "13502956"]
[BlackFideId "13404148"]
[WhiteElo "2626"]
[BlackElo "2103"]
[Result "1-0"]
[Round "03"]
[TimeControl "180+2"]
[Date "2023.05.23"]
[WhiteClock "0:00:06"]
[BlackClock "0:00:00"]

1. e4 c6 2. d4 d5 3. e5 c5 4. Nf3 cxd4 5. Qxd4 Nc6 6. Qf4 g6 7. Nc3 Bf5 8. Bb5 Bg7 9. O-O h5 10. Nd4 Qd7 11. Nxf5 gxf5 12. Qg3 Kf8 13. Bf4 h4 14. Qf3 e6 15. Rad1 Nge7 16. Rfe1 Rc8 17. Bg5 Qc7 18. Bxc6 bxc6 19. Qe3 Ng6 20. f4 Qb6 21. Na4 Qxe3+ 22. Rxe3 c5 23. c4 d4 24. Rb3 Rh5 25. Rb5 Bxe5 26. fxe5 Rxg5 27. Nxc5 Nxe5 28. b3 Nf3+ 29. Kh1 Ne5 30. Rxd4 Ng4 31. h3 Nf6 32. Rxh4 Kg7 33. Rd4 Rh8 34. Rb7 Kg6 35. Nd3 Ne4 36. Ne5+ Kf6 37. Nxf7 Rg4 38. Nxh8 Rg3 39. Kh2 Rg5 40. Nf7 Rg7 41. Nd6 Rxb7 42. Nxb7 Ke5 43. Rd1 f4 44. Re1 Kd4 45. c5 e5 46. c6 1-0


[Site "https://www.chess.com"]

[Event "Titled Tuesday Blitz May 23 Early 2023"]
[White "Kozak, Adam"]
[Black "Yelisieiev, Yevhenii"]
[WhiteFideId "753246"]
[BlackFideId "14139642"]
[WhiteElo "2469"]
[BlackElo "2403"]
[Result "0-1"]
[Round "03"]
[TimeControl "180+2"]
[Date "2023.05.23"]
[WhiteClock "0:00:00"]
[BlackClock "0:00:12"]

1. d4 d6 2. c4 e5 3. h3 exd4 4. Qxd4 Nc6 5. Qd1 g6 6. Bd2 Bg7 7. Bc3 Nf6 8. Nf3 O-O 9. e3 d5 10. Nbd2 Be6 11. Qc1 Ne4 12. Bxg7 Kxg7 13. cxd5 Bxd5 14. Nxe4 Bxe4 15. Qc3+ Qf6 16. Qxf6+ Kxf6 17. Rc1 Rfd8 18. a3 Rd7 19. Nd2 Bd5 20. f3 Rad8 21. Bb5 a6 22. Ba4 b5 23. Bb3 Bxb3 24. Rxc6+ Kg7 25. Nxb3 Rd1+ 26. Ke2 Rxh1 27. Rxc7 Rg1 28. Kf2 Rb1 29. Rc2 h5 30. h4 Rd6 31. Nd4 Rh1 32. Kg3 Rd7 33. Rc6 Rb1 34. Rc2 Re7 35. Kf4 Rh1 36. g3 Re1 37. e4 Rd7 38. Nc6 Rd3 39. Nb4 Rb3 40. Nd5 Rf1 41. Nc3 a5 42. Ke5 b4 43. axb4 axb4 44. Ne2 Rbxf3 45. Rc7 R1f2 46. Nd4 Rxg3 47. b3 Rg4 48. Ne6+ Kh6 49. Ng5 Rxg5+ 50. hxg5+ Kxg5 51. Rb7 h4 52. Rb8 h3 53. Rh8 h2 54. Kd4 Kg4 55. Rxh2 Rxh2 0-1


[Site "https://www.chess.com"]

[Event "Titled Tuesday Blitz May 23 Early 2023"]
[White "Pranesh M"]
[Black "Baches Garcia, Guillermo"]
[WhiteFideId "35028600"]
[BlackFideId "2209764"]
[WhiteElo "2437"]
[BlackElo "2507"]
[Result "1-0"]
[Round "03"]
[TimeControl "180+2"]
[Date "2023.05.23"]
[WhiteClock "0:01:47"]
[BlackClock "0:00:01"]

1. e4 d5 2. exd5 Qxd5 3. Nc3 Qa5 4. d4 Nf6 5. Bc4 Bg4 6. f3 Bd7 7. Ne2 e6 8. O-O Be7 9. Bf4 O-O 10. a3 Qb6 11. Kh1 c5 12. d5 exd5 13. Bxd5 Rd8 14. Qe1 Be6 15. Bxe6 Qxe6 16. Ng3 Nc6 17. Qxe6 fxe6 18. Rae1 Nd4 19. Rf2 Kf7 20. Nge4 Nd5 21. Bc1 Nxc3 22. Nxc3 b5 23. Ne4 b4 24. Ng5+ Bxg5 25. Bxg5 Rd5 26. Bf4 bxa3 27. bxa3 g5 28. Bc1 h6 29. h3 Nf5 30. f4 Rg8 31. fxg5 Ke7 32. gxh6 Ng3+ 33. Kh2 Rh5 34. Rf3 Nf5 35. g4 Rxg4 36. Rxf5 Rxf5 37. hxg4 Rf2+ 38. Kg3 Rxc2 39. h7 Rg2+ 40. Kxg2 1-0


[Site "https://www.chess.com"]

[Event "Titled Tuesday Blitz May 23 Early 2023"]
[White "Timofeev, Artyom"]
[Black "Sliwicki, Damian"]
[WhiteFideId "4140419"]
[BlackFideId "1127128"]
[WhiteElo "2586"]
[BlackElo "2030"]
[Result "1-0"]
[Round "03"]
[TimeControl "180+2"]
[Date "2023.05.23"]
[WhiteClock "0:00:56"]
[BlackClock "0:00:04"]

1. c4 Nf6 2. Nc3 d5 3. cxd5 Nxd5 4. Nf3 g6 5. h4 Nc6 6. h5 Bg7 7. h6 Bf6 8. d4 Bf5 9. e3 Ndb4 10. e4 Bg4 11. Bb5 Bxf3 12. gxf3 Qxd4 13. Be3 Qe5 14. f4 Qe6 15. e5 Rd8 16. Qe2 a5 17. exf6 O-O 18. fxe7 Qxe7 19. Bxc6 Nd3+ 20. Kf1 bxc6 21. Rd1 Nb4 22. Kg2 Qe6 23. a3 Nd5 24. Nxd5 cxd5 25. Qf3 c5 26. Bxc5 Rc8 27. Bxf8 1-0


[Site "https://www.chess.com"]

[Event "Titled Tuesday Blitz May 23 Early 2023"]
[White "Mostbauer, Florian"]
[Black "Gharibyan, Mamikon"]
[WhiteFideId "1626671"]
[BlackFideId "13308300"]
[WhiteElo "2234"]
[BlackElo "2445"]
[Result "0-1"]
[Round "03"]
[TimeControl "180+2"]
[Date "2023.05.23"]
[WhiteClock "0:00:19"]
[BlackClock "0:01:07"]

1. c4 g6 2. g3 Bg7 3. Bg2 Nf6 4. Nc3 O-O 5. e3 c6 6. Nge2 d5 7. cxd5 cxd5 8. d4 Nc6 9. O-O e6 10. b3 Re8 11. Ba3 Qa5 12. Bb2 h5 13. h4 e5 14. dxe5 Nxe5 15. Nxd5 Bg4 16. Bc3 Qb5 17. Nxf6+ Bxf6 18. f3 Rad8 19. Nd4 Qc5 20. Qd2 Bc8 21. Rac1 Qa3 22. Qb2 Qxb2 23. Bxb2 Nd3 24. Rc2 Nxb2 25. Rxb2 Rxe3 0-1


[Site "https://www.chess.com"]